 Dungeon Crawl Stone Soup version 0.28.0-1-gb440e238dd (webtiles) character file.

Game seed: 9029827817260810036

5 themarg the Caller (level 1, 13/13 HPs)
             Began as a Merfolk Summoner on Feb 21, 2022.
             Got out of the dungeon alive.
             The game lasted 00:01:15 (122 turns).

themarg the Caller (Merfolk Summoner)                Turns: 122, Time: 00:01:15

Health: 13/13      AC:  2    Str:  8    XL:     1   Next: 80%
Magic:  3/3        EV: 13    Int: 14    God:
Gold:   8          SH:  0    Dex: 14    Spells: 3/4 levels left

rFire   . . .      SeeInvis .   b - +0 club
rCold   . . .      Faith    .   (no shield)
rNeg    . . .      Spirit   .   a - +0 robe
rPois   .          Reflect  .   (no helmet)
rElec   .          Harm     .   (no cloak)
rCorr   .          Rampage  .   (no gloves)
Will    .....                   (no boots)
Stlth   ++........              (no amulet)
HPRegen 0.04/turn               (no ring)
MPRegen 0.08/turn               (no ring)

@: no status effects
A: (nimble swimmer 2), mertail
a: no special abilities


You escaped.
You visited 1 branch of the dungeon, and saw 1 of its levels.

You collected 8 gold pieces.

Inventory:

Hand Weapons
 b - a +0 club (weapon)
Missiles
 c - 16 stones
Armour
 a - a +0 robe (worn)


   Skills:
 + Level 2.9 Dodging
 + Level 2.1 Stealth
 + Level 2.0 Spellcasting
 + Level 4.2 Summonings


You had 3 spell levels left.
You knew the following spells:

 Your Spells              Type           Power      Damage    Failure   Level
a - Summon Small Mammal   Summ           52%        N/A       4%          1

Your spell library contained the following spells:

 Spells                   Type           Power      Damage    Failure   Level
 Call Imp                 Summ           13%        N/A       6%          2
 Call Canine Familiar     Summ           13%        N/A       13%         3
 Summon Guardian Golem    Hex/Summ       7%         N/A       30%         3
 Summon Lightning Spire   Summ/Air       7%         N/A       69%         4


Dungeon Overview and Level Annotations

Branches:
Dungeon (1/15)

Altars:


Innate Abilities, Weirdness & Mutations

((You are very nimble when in or above water. (Stealth+, EV+, Speed+++)))
Your lower body shifts to a powerful aquatic tail in water.


Message History

b - a +0 club (weapon)
Your bat disappears in a puff of smoke!
Found 16 stones.
A dart slug comes into view.
Found 8 gold pieces.
Casting: Summon Small Mammal (safe; 4% risk of failure)
Confirm with . or Enter, or press ? or * to list all spells.
Casting: Summon Small Mammal (safe; 4% risk of failure)
Confirm with . or Enter, or press ? or * to list all spells.
Your bat hits the dart slug.
Your bat hits the dart slug but does no damage.
Your bat hits the dart slug but does no damage.
You see here 16 stones.
c - 16 stones Your bat hits the dart slug.
Your bat hits the dart slug but does no damage.
The dart slug bites you.
You hit the dart slug.
The dart slug is moderately wounded.
Your bat hits the dart slug but does no damage.
The dart slug launches a dart at you. The slug dart hits you.
You hit the dart slug.
The dart slug is severely wounded.
Your bat hits the dart slug. You hit the dart slug.
The dart slug is almost dead.
Your bat hits the dart slug.
The dart slug dies!
You start resting.
Your bat disappears in a puff of smoke!
Magic restored.
You start resting.
Your rat disappears in a puff of smoke!
HP restored.
You now have 8 gold pieces.
There is a staircase leading out of the dungeon here.
You can't go down here!
Are you sure you want to leave the Dungeon?
This will make you lose the game!
You have escaped!

...... ..... ...#
#...# ...# #...# ...#
. #...# ...#
..#####...# ...#
..........#######...#
....................#
#####......†....@...#
# #...####........# #
#...# #...##...#
#####...####...##...#
.†..................#
....................#
#####################


There were no monsters in sight!

Vanquished Creatures (collateral kills)
  A dart slug (D:1)
  A goblin (D:1)
  A hobgoblin (D:1)
3 creatures vanquished.

Notes
Turn   | Place    | Note
-------+----------+-------------------------------------------
     0 | D:1      | themarg the Merfolk Summoner began the quest for the Orb.
     0 | D:1      | Reached XP level 1. HP: 13/13 MP: 3/3
   122 | D:$      | Got out of the dungeon alive.

Illustrated notes

Levels and vault maps discovered:
D:1:      dpeg_arrival_boxorama, layout_basic,
          hellmonk_ecumenical_altar_inner_sanctum, hangedman_feature_mirror,
          chequers_serial_rivers_large_b, minmay_pentomino_o4

Action                   || total
-------------------------++-------
Melee: Unarmed           ||     6
       Club              ||     3
 Cast: Summon Small Mamm ||     4
Armor: Robe              ||     2
Dodge: Dodged            ||     4
